 Dungeon Crawl Stone Soup version 0.30-a0-728-gc68057be0a (webtiles) character file.

Game seed: 17046127934388069108

2062 Monkooky the Cleaver (level 9, -11/54 (59) HPs)
             Began as a Human Artificer on Jan 30, 2023.
             Mangled by a soul eater (17 damage)
             ... summoned by a kobold demonologist
             ... on level 6 of the Dungeon.
             The game lasted 00:26:02 (10092 turns).

Monkooky the Cleaver (Human Artificer)             Turns: 10092, Time: 00:26:03

HP:   -11/54 (59)   AC:  6    Str: 21    XL:     9   Next: 50%
MP:   0/11          EV: 11    Int: 19    God:
Gold: 425           SH:  0    Dex: 14    Spells: 5/11 levels left

rFire   . . .      SeeInvis .    T - +2 war axe (vamp)
rCold   . . .      Faith    .    (no shield)
rNeg    . . .      Spirit   +    I - +0 robe
rPois   .          Reflect  .    (no helmet)
rElec   .          Harm     .    K - scarf {shadows}
rCorr   .          Rampage  .    i - +0 pair of gloves
Will    .....                    A - +2 pair of boots
Stlth   ++                       L - amulet of guardian spirit
HPRegen 0.29/turn                R - +6 ring of intelligence
MPRegen 0.12/turn                O - +6 ring of strength

@: drained
A: no striking features
a: no special abilities


You were on level 6 of the Dungeon.
You visited 1 branch of the dungeon, and saw 6 of its levels.
You also visited: Sewer.

You collected 425 gold pieces.

Inventory:

Hand Weapons
 a - a +0 club
 e - a +0 heavy war axe
 f - a +0 dagger
 u - a +1 short sword of draining
 J - a +0 war axe
 T - a +2 vampiric war axe (weapon)
Missiles
 F - 2 throwing nets
Armour
 b - a +0 leather armour
 i - a +0 pair of gloves (worn)
 A - a +2 pair of boots (worn)
 I - a +0 robe (worn)
 K - a scarf of shadows (worn)
Jewellery
 x - a ring of positive energy
 L - an amulet of guardian spirit (around neck)
 O - a +6 ring of strength (right hand)
 R - a +6 ring of intelligence (left hand)
Wands
 c - a wand of flame (6)
 d - a wand of charming (11)
Scrolls
 h - 2 scrolls of acquirement {unknown}
 j - 2 scrolls of magic mapping {unknown}
 l - 2 scrolls of enchant armour {unknown}
 n - 2 scrolls of identify {unknown}
 p - a scroll of summoning {unknown}
 q - 3 scrolls of amnesia {unknown}
 r - 3 scrolls of blinking {unknown}
 w - 3 scrolls of vulnerability {unknown}
 y - 2 scrolls of noise {unknown}
 z - a scroll of fog {unknown}
 B - a scroll of teleportation {unknown}
 C - 2 scrolls of fear {unknown}
 H - a scroll of torment {unknown}
 M - a scroll of enchant weapon {unknown}
 N - a scroll of silence {unknown}
 Q - a scroll of immolation {unknown}
 S - a scroll of brand weapon {unknown}
Potions
 g - 3 potions of haste {unknown}
 k - a potion of mutation {unknown}
 m - a potion of invisibility {unknown}
 o - a potion of might {unknown}
 s - 3 potions of lignification {unknown}
 t - a potion of ambrosia {unknown}
 v - 3 potions of flight {unknown}
 D - a potion of heal wounds {unknown}
 E - 2 potions of curing {unknown}
 G - a potion of brilliance {unknown}
Miscellaneous
 P - a lightning rod (inert)


   Skills:
 * Level 1.5 Fighting
 + Level 8.0 Axes
 - Level 2.0 Armour
 - Level 1.0 Dodging
 - Level 1.0 Stealth
 - Level 1.8 Spellcasting
 - Level 4.3 Conjurations
 - Level 4.3 Fire Magic
 - Level 5.7 Evocations


You had 5 spell levels left.
You knew the following spells:

 Your Spells              Type           Power      Damage    Failure   Level
a - Foxfire               Conj/Fire      72%        2x1d7     2%          1
b - Fireball              Conj/Fire      9%         3d6       61%         5

Your spell library contained the following spells:

 Spells                   Type           Power      Damage    Failure   Level
 Apportation              Tloc           2%         N/A       17%         1
 Necrotise                Necr           4%         1d4       17%         1
 Summon Small Mammal      Summ           4%         N/A       17%         1
 Gell's Gravitas          Tloc           1%         N/A       45%         3
 Teleport Other           Tloc           1%         N/A       45%         3
 Yara's Violent Unravell  Hex/Tmut       0%         3d3       99%         5
 Starburst                Conj/Fire      9%         6d5       99%         6
 Dispersal                Tloc           0%         N/A       100%        6
 Enfeeble                 Hex            0%         N/A       100%        7


Dungeon Overview and Level Annotations

Branches:
Dungeon (6/15)              Sewer (visited)
 Temple: D:4-7

Altars:
Hepliaklqana
Xom

Shops:
D:1 =   D:4 (

Annotations:
D:2 exclusion: downstairs
D:3 exclusion: downstairs
D:4 exclusion: downstairs
D:5 exclusion: 2 downstairs


Message History

The kobold demonologist is moderately wounded.
You barely miss the soul eater. The kobold demonologist misses you.
The soul eater hits you!
You feel drained.
Aiming: Thunderbolt
Press: ? - help, Shift-Dir - straight line, f - kobold demonologist
Aim: a kobold demonologist, wielding a +0 dagger and wearing a +0 robe (moderately wounded)
The thunderbolt hits the chaos spawn!
The chaos spawn is moderately wounded.
The thunderbolt hits the ogre!
The ogre is heavily wounded.
The thunderbolt hits the kobold demonologist!!
The kobold demonologist is severely wounded.
The lightning rod overheats!
You hear a shout!
The kobold demonologist hits you but does no damage.
The soul eater hits you.
Aiming: Throw Flame
Press: ? - help, Shift-Dir - straight line, f/p - kobold demonologist
Aim: a kobold demonologist, wielding a +0 dagger and wearing a +0 robe (severely wounded, 64% to hit)
The puff of flame hits the kobold demonologist but does no damage.
The kobold demonologist is severely wounded.
The kobold demonologist hits you but does no damage.
The soul eater hits you!
You feel drained.
Aiming: Throw Flame
Press: ? - help, Shift-Dir - straight line, f/p - kobold demonologist
Aim: a kobold demonologist, wielding a +0 dagger and wearing a +0 robe (severely wounded, 64% to hit)
The puff of flame hits the kobold demonologist!
The kobold demonologist is almost dead.
The kobold demonologist begins to cast a cantrip, but forgets the words!
The soul eater hits you!!
* * * LOW HITPOINT WARNING * * *
Aiming: Throw Flame
Press: ? - help, Shift-Dir - straight line, f/p - kobold demonologist
Aim: a kobold demonologist, wielding a +0 dagger and wearing a +0 robe (almost dead, 64% to hit)
The puff of flame misses the kobold demonologist.
The puff of flame hits the ogre.
The ogre is severely wounded.
The kobold demonologist completely misses you.
The soul eater hits you!!
You die...

#. .#. ##.## #.##....
..#.. #.# #.##.#.#
..#O.. #.# #.##.#.#
.D..5K##### #.#
#....... #.§§K.# #>#
##....... #..###.#
#.# #.....#.. #...
#.# #.###.###.#..
..#.. #.#######..[..#
#.... #. .#.
#4OK@3..[...#.###....
. ....
##########.#.........
#. ## #.###........
##.#........#
##.#.#.##...
###.#.##†## #.#.#...#
#.#...... #.###...#


You could see a soul eater (summoned), a kobold demonologist, a chaos spawn
(summoned) and an ogre.

Vanquished Creatures
  2 black bears (D:4)
  A sky beast (D:6)
  A centaur (D:6)
  3 ogres
  4 bullfrogs
  2 gnoll sergeants
  A scorpion (D:5)
  6 hounds
  2 jellies
  2 orc priests (D:4)
  A gnoll bouda (D:5)
  3 iguanas
  4 orc wizards
  19 gnolls
  12 adders
  A shadow imp (D:6)
  2 white imps (D:5)
  An ufetubus (D:5)
  4 worms
  2 dart slugs
  16 orcs
  6 ball pythons
  5 endoplasms
  7 giant cockroaches
  21 goblins
  6 hobgoblins
  7 kobolds
  6 quokkas
  3 bats
  15 frilled lizards
  5 rats
  A butterfly (D:3)
  A toadstool (D:1)
172 creatures vanquished.

Vanquished Creatures (collateral kills)
  A gnoll bouda (D:5)
  An orc wizard (D:5)
  A gnoll (D:5)
3 creatures vanquished.

Vanquished Creatures (others)
  A gnoll (D:5)
  653 foxfires
  4 toadstools (D:1)
658 creatures vanquished.

Grand Total: 833 creatures vanquished

Notes
Turn   | Place    | Note
-------+----------+-------------------------------------------
     0 | D:1      | Monkooky the Human Artificer began the quest for the Orb.
     0 | D:1      | Reached XP level 1. HP: 15/15 MP: 1/1
    15 | D:1      | Found Nota's Weapon Boutique.
   174 | D:1      | Found Uvvouj's Jewellery Shop.
   274 | D:1      | Reached skill level 1 in Spellcasting
   355 | D:1      | Reached XP level 2. HP: 21/21 MP: 3/3
   728 | D:1      | Learned a level 1 spell: Foxfire
  1114 | D:2      | Reached XP level 3. HP: 24/26 MP: 0/5
  1394 | D:2      | Reached skill level 1 in Conjurations
  1396 | D:2      | Reached skill level 1 in Fire Magic
  1884 | D:2      | Reached XP level 4. HP: 32/32 MP: 1/6
  2738 | D:3      | Reached XP level 5. HP: 31/37 MP: 3/7
  4068 | D:3      | Reached XP level 6. HP: 43/43 MP: 4/8
  4284 | D:4      | Noticed an ogre
  4469 | D:4      | Noticed a black bear
  4476 | D:4      | Killed a black bear
  4477 | D:4      | Reached XP level 7. HP: 48/48 MP: 2/9
  4553 | D:4      | Learned a level 5 spell: Fireball
  4989 | D:4      | Found Quckoa's Weapon Shop.
  5109 | D:4      | Reached skill level 1 in Axes
  5231 | D:4      | Found a shimmering altar of Xom.
  5232 | D:4      | Found a hazy altar of Hepliaklqana.
  5233 | D:4      | Noticed a spectral ugly thing
  5279 | D:4      | Reached skill level 2 in Axes
  5377 | D:4      | Reached skill level 3 in Axes
  5774 | D:4      | Reached skill level 4 in Axes
  5774 | D:4      | Reached XP level 8. HP: 21/54 MP: 1/10
  6088 | D:5      | Entered Level 5 of the Dungeon
  6322 | D:5      | Reached skill level 5 in Axes
  7082 | D:5      | Reached skill level 6 in Axes
  7800 | D:6      | Reached skill level 7 in Axes
  7802 | D:6      | Found a glowing drain.
  7866 | Sewer    | Entered a sewer
  8430 | Sewer    | Reached XP level 9. HP: 59/59 MP: 7/11
  8432 | Sewer    | Reached skill level 8 in Axes
  9032 | D:6      | Reached skill level 5 in Evocations
  9314 | D:6      | Noticed a kobold demonologist
  9316 | D:6      | Noticed a cyclops
  9601 | D:6      | Noticed an ice devil
 10088 | D:6      | Noticed a soul eater
 10092 | D:6      | Mangled by a soul eater

Illustrated notes

Levels and vault maps discovered:
D:1:      kennysheep_arrival_forest, layout_basic, serial_shops, shop_statue,
          nicolae_shop_advertising_works [nicolae_subvault_shop_adworks],
          corexii_item_surrounded_by_moat, corexii_hall_statues_i,
          minmay_gold_behind_fungi, minivault_25, minmay_tetromino_s2
D:2:      cheibrodos_greedy_goblins, layout_basic, hangedman_glass_garden
D:3:      layout_loops_ring
D:4:      layout_gridville, regret_index_temple_of_mockery, serial_shops, shop,
          minmay_ogre_servants
D:5:      layout_gridville
D:6:      cheibrodos_fzero, layout_loops_ring, cheibrodos_sewer_entry_bend

Skill      XL: |  1  2  3  4  5  6  7  8  9 |
---------------+----------------------------+-----
Spellcasting   | 1 |  1.8
Conjurations   | 1 2 3 4 |  4.3
Fire Magic     | 1 2 3 4 |  4.3
Axes           | 4 7 8 |  8.0
Evocations     | 5 |  5.7
Fighting       | |  1.5
Armour         | |  2.0
Dodging        | |  1.0
Stealth        | |  1.0

Action                     |  1- 3 |  4- 6 |  7- 9 || total
---------------------------+-------+-------+-------++-------
  Melee: Dagger            |   104 |     5 |       ||   109
         Punch             |     1 |       |     2 ||     3
         Short sword       |       |    25 |    35 ||    60
         War axe           |       |       |    87 ||    87
   Cast: Foxfire           |    37 |   102 |   231 ||   370
  Evoke: Wand              |     3 |     3 |    12 ||    18
         Lightning rod     |       |       |     5 ||     5
   Stab: Sleeping          |     2 |       |       ||     2
 Armour: Leather armour    |    34 |    26 |     4 ||    64
         Robe              |       |       |    79 ||    79
  Dodge: Dodged            |    72 |    50 |   143 ||   265

Table legend: (Time is in decaauts)
 A = Elapsed time spent in this place.
 B = Non-inter-level travel time spent in this place.
 C = Inter-level travel time spent in this place.
 D = Time resting spent in this place.
 E = Time spent auto-exploring this place.
 F = Levels seen in this place.
 G = Mean time per level.
                   A        B        C        D        E       F      G
               +--------+--------+--------+--------+--------+-----+--------+
         Total |  10201 |   9738 |    463 |   2015 |   5722 |   7 | 1457.3 |
       Dungeon |   9296 |   8833 |    463 |   1818 |   5285 |   6 | 1549.3 |
         Sewer |    905 |    905 |      0 |    197 |    437 |   1 |  905.0 |
               +--------+--------+--------+--------+--------+-----+--------+

Top non-repeatable levels by time:
     D:5: 2050 daAuts
     D:2: 1820 daAuts
     D:4: 1795 daAuts
     D:3: 1564 daAuts
     D:1: 1119 daAuts
     D:6: 946 daAuts
   Sewer: 905 daAuts
